 Dungeon Crawl Stone Soup version 0.21-a0-404-g291f19a (webtiles) character file.

80 tof the Chopper (level 4, -1/40 HPs)
             Began as a Minotaur Monk on Oct 29, 2017.
             Killed from afar by an orc wizard (14 damage)
             ... with a puff of flame
             ... on level 2 of the Dungeon.
             The game lasted 00:01:49 (1564 turns).

tof the Chopper (Minotaur Monk)                     Turns: 1564, Time: 00:01:49

Health: -1/40      AC:  2    Str: 16    XL:     4   Next: 18%
Magic:  3/3        EV: 14    Int:  7    God:
Gold:   7          SH:  0    Dex: 13    Spells: 3/3 levels left

rFire    . . .     SeeInvis .   a - +0 hand axe
rCold    . . .     Gourm    .   (no shield)
rNeg     . . .     Faith    .   b - +0 robe
rPois    .         Spirit   .   (helmet restricted)
rElec    .         Reflect  .   (no cloak)
rCorr    .         Harm     .   (no gloves)
MR       .....                  (no boots)
Stlth    ++........             (no amulet)
HPRegen  0.13/turn              (no ring)
MPRegen  0.08/turn              (no ring)

@: no status effects
A: retaliatory headbutt, horns 2
a: no special abilities


You were on level 2 of the Dungeon.
You were not hungry.

You visited 1 branch of the dungeon, and saw 3 of its levels.

You collected 7 gold pieces.

Inventory:

Hand Weapons
 a - a +0 hand axe (weapon)
Armour
 b - a +0 robe (worn)
Scrolls
 f - 3 scrolls of amnesia {unknown}
 g - a scroll of remove curse {unknown}
 h - 2 scrolls of enchant armour {unknown}
 i - a scroll of enchant weapon {unknown}
 k - 2 scrolls of identify {unknown}
Potions
 d - a potion of degeneration {unknown}
 e - a potion of brilliance {unknown}
 j - a potion of flight {unknown}
Comestibles
 c - 2 bread rations
 l - a chunk of flesh


   Skills:
 + Level 4.2 Fighting
 * Level 4.7 Axes
 + Level 1.7 Armour
 + Level 3.8 Dodging
 - Level 1.5 Stealth


You had 3 spell levels left.
You didn't know any spells.

Dungeon Overview and Level Annotations

Branches:
Dungeon (3/15)

Altars:


Innate Abilities, Weirdness & Mutations

You reflexively headbutt those who attack you in melee.
You have a pair of horns on your head.


Message History

You hit the orc wizard. You headbutt the orc wizard.
The orc wizard is almost dead.
The orc wizard hits you with a dagger.
You completely miss the orc wizard. Your headbutt misses the orc wizard.
The orc wizard is almost dead.
The orc wizard hits you with a dagger.
You closely miss the orc wizard.
The orc wizard is almost dead.
The orc wizard casts a spell.
The orc wizard seems to speed up.
You hit the orc wizard.
The orc wizard is almost dead.
The orc wizard casts a spell at you. The puff of flame hits you!
You closely miss the orc wizard.
The orc wizard is almost dead.
The orc wizard hits you with a dagger. The orc wizard casts a spell at you.
The puff of flame hits you!
You die...

...................#..÷..÷.......
##......................#########
#.......................# #...
#......................<# #.##
#........##.)(..........# ###.#
###...##...............####...#
######..##...................###
.........#.......##..##.......#
.######........o@.......#.....###
.########.......................#
.................................
#########.......................#
#.......................#
###........>..........#..
#..................###.
#####..................
#..................


You could see an orc wizard.

Vanquished Creatures
  2 adders (D:2)
  3 oozes (D:1)
  A worm (D:2)
  4 dart slugs (D:1)
  A leopard gecko (D:1)
  A ball python (D:1)
  3 giant cockroaches (D:1)
  3 goblins
  2 hobgoblins (D:1)
  6 kobolds (D:1)
  4 bats (D:1)
  3 frilled lizards
  7 rats
40 creatures vanquished.

Notes
Turn   | Place    | Note
-------+----------+-------------------------------------------
     0 | D:1      | tof the Minotaur Monk began the quest for the Orb.
     0 | D:1      | Reached XP level 1. HP: 19/19 MP: 0/0
   150 | D:1      | Reached XP level 2. HP: 24/27 MP: 1/1
   294 | D:1      | Reached skill level 1 in Armour
   319 | D:1      | Reached XP level 3. HP: 22/33 MP: 2/2
  1356 | D:2      | Reached XP level 4. HP: 40/40 MP: 3/3
  1550 | D:3      | Found a faded altar of an unknown god.
  1564 | D:2      | Killed from afar by an orc wizard

Vault maps used:
D:1:      nzn_arrival_depleted_hourglass
D:2:      first_bread
D:3:      chequers_ecumenical_altar_simple_redux, due_unseen_surprise

Skill      XL: |  1  2 |
---------------+-------+-----
Axes           | 4 |  4.7
Armour         | 1 |  1.7
Fighting       | 4 |  4.2
Dodging        | |  3.8
Stealth        | |  1.5

Action                   |  1- 3 |  4- 6 || total
-------------------------+-------+-------++-------
Melee: Hand axe          |    78 |    15 ||    93
       Headbutt          |     9 |     3 ||    12
 Stab: Sleeping          |     7 |       ||     7
  Eat: Chunk             |     1 |     1 ||     2
Armor: Robe              |    14 |       ||    14
Dodge: Dodged            |    54 |     3 ||    57

Table legend:
 A = Spawn XP
 B = Non-spawn XP
 C = Spawn XP percentage of total XP
 D = Spawn monster count
 E = Non-spawn monster count
 F = Spawn count percentage of total count
 G = Total turns spent on level
                    A         B        C        D         E        F      G
               +---------+---------+-------+---------+---------+-------+---------
         Total |       0 |     115 |   0.0 |       0 |      40 |   0.0 |  1564
               +---------+---------+-------+---------+---------+-------+---------
           D:1 |       0 |      79 |   0.0 |       0 |      33 |   0.0 |  1151
           D:2 |       0 |      36 |   0.0 |       0 |       7 |   0.0 |   404
               +---------+---------+-------+---------+---------+-------+---------
